AoeStats
← ska_18

Arena

509855325Analyzed
3v3 RM · 2d ago on Sep 28, 2026· 50m 55s· 6 players
Game mode
Random Map
Map size
Normal (6 player)
Population
200
Speed
Normal
Resources
Standard
Victory
Conquest
Starting age
Dark Age
Ending age
Imperial Age
RankedLock teamsTeams togetherTeam positionsShared explorationLock speedFull tech treeHidden civsTurbo modeCheats
Victory
Defeat
🇨🇳 Khmer · China
1009
+14
🇳🇱 Portuguese · Netherlands
989
+15
🇦🇹 Saracens · Austria
919
+18
🇨🇳 Bulgarians · China
1054
-19
🇨🇳 Spanish · China
1031
-18
🇨🇳 Wei · China
830
-10
恶魔
7:45 Loom
10:50 Feudal Age
9:24 Loom
12:35 Double-Bit Axe
15:15 Castle Age
13:02 Horse Collar
14:50 Stone Mining
15:58 Wheelbarrow
18:38 Forging
20:22 Scale Barding Armor
21:23 Heavy Plow
21:48 Bow Saw
24:46 Squires
24:33 Arson
24:34 Gambesons
25:55 Stone Shaft Mining
27:51 Hand Cart
27:38 Gold Mining
32:17 Imperial Age
29:47 Town Watch
30:29 Husbandry
31:00 Town Patrol
31:38 Stirrups
32:23 Chain Barding Armor
32:51 Iron Casting
33:06 Bagains
34:35 Gold Shaft Mining
34:38 Crop Rotation
35:13 Conscription
35:04 Elite Konnik
36:32 Scale Mail Armor
37:33 Blast Furnace
37:08 Plate Barding Armor
36:24 Fletching
38:12 Chain Mail Armor
40:13 Plate Mail Armor
39:44 Bodkin Arrow
40:35 Bracer
41:03 Padded Archer Armor
42:54 Onager
44:17 Onager
46:32 Leather Archer Armor
45:57 Siege Onager
47:23 Bloodlines
YFY大人
0:34 Loom
10:15 Feudal Age
12:20 Wheelbarrow
12:27 Double-Bit Axe
12:26 Horse Collar
19:11 Castle Age
19:39 Bloodlines
19:26 Gold Mining
19:27 Stone Mining
20:53 Gold Shaft Mining
20:22 Heavy Plow
20:50 Bow Saw
22:32 Hand Cart
24:13 Stone Shaft Mining
33:56 Imperial Age
33:22 Caravan
34:21 Tuntian
35:21 Husbandry
34:42 Heavy Hei Guang Cavalry
35:33 Scale Barding Armor
35:39 Forging
36:27 Chain Barding Armor
35:43 Elite Tiger Cavalry
38:03 Iron Casting
38:23 Ming Guang Armor
38:19 Conscription
40:38 Blast Furnace
大皮鞭
11:19 Feudal Age
14:44 Castle Age
12:31 Double-Bit Axe
13:15 Horse Collar
17:30 Heavy Plow
17:42 Bow Saw
17:29 Loom
21:04 Stone Mining
22:24 Wheelbarrow
24:01 Hand Cart
26:37 Fervor
26:53 Sanctity
26:33 Town Watch
26:50 Gold Mining
29:56 Imperial Age
29:21 Stone Shaft Mining
29:14 Redemption
29:22 Redemption
29:50 Padded Archer Armor
31:55 Two-Man Saw
31:24 Conscription
31:10 Inquisition
30:33 Elite Conquistador
31:49 Hoardings
32:35 Leather Archer Armor
32:52 Block Printing
33:07 Illumination
33:18 Theocracy
36:53 Chemistry
36:13 Ballistics
Mortingen Şıtrayze
10:48 Feudal Age
11:14 Double-Bit Axe
17:43 Castle Age
16:13 Horse Collar
17:00 Stone Mining
18:24 Loom
22:24 Town Watch
22:33 Pikeman
24:35 Heavy Plow
24:42 Gold Mining
27:54 Wheelbarrow
27:59 Bow Saw
31:40 Imperial Age
29:41 Murder Holes
29:57 Masonry
30:49 Fletching
31:00 Padded Archer Armor
32:21 Hand Cart
32:38 Ballistics
33:26 Chemistry
32:58 Architecture
32:33 Siege Engineers
32:40 Fortified Wall
32:47 Leather Archer Armor
33:42 Gambesons
35:12 Forging
35:03 Scale Mail Armor
37:02 Devotion
41:47 Faith
45:58 Caravan
46:32 Ring Archer Armor
46:18 Chain Mail Armor
46:38 Iron Casting
46:09 Scale Barding Armor
48:52 Halberdier
49:19 Arson
49:49 Elite Organ Gun
52:16 Two-Man Saw
51:50 Crop Rotation
ska_18
10:18 Feudal Age
12:59 Loom
15:49 Castle Age
14:03 Double-Bit Axe
14:19 Horse Collar
17:22 Bow Saw
17:49 Wheelbarrow
18:23 Town Watch
22:51 Forging
23:21 Gold Mining
23:21 Stone Mining
25:17 Sanctity
25:07 Fervor
25:23 Scale Barding Armor
26:45 Hand Cart
27:44 Gold Shaft Mining
27:10 Heavy Plow
28:24 Iron Casting
28:09 Chain Barding Armor
27:53 Fletching
32:25 Imperial Age
31:03 Murder Holes
31:18 Masonry
31:19 Fortified Wall
31:45 Bodkin Arrow
31:56 Town Patrol
32:20 Ballistics
34:25 Chemistry
34:03 Plate Barding Armor
33:50 Conscription
33:45 Bimaristan
33:18 Elite Mameluke
36:31 Blast Furnace
36:45 Coinage
37:17 Two-Man Saw
38:15 Bloodlines
38:06 Husbandry
37:27 Light Cavalry
39:47 Hoardings
40:43 Devotion
46:27 Caravan
46:57 Banking
46:59 Siege Engineers
46:45 Guard Tower
46:40 Arrowslits
46:18 Hussar
1416484493
11:53 Feudal Age
14:39 Castle Age
12:48 Horse Collar
12:54 Double-Bit Axe
15:11 Wheelbarrow
16:06 Bow Saw
16:37 Heavy Plow
18:58 Loom
25:37 Gold Mining
27:20 Forging
27:15 Scale Barding Armor
30:26 Imperial Age
28:14 Hand Cart
30:02 Gold Shaft Mining
29:18 Stone Mining
29:47 Bloodlines
29:38 Husbandry
30:25 Iron Casting
30:10 Chain Barding Armor
30:49 Elite Battle Elephant
31:53 Conscription
32:14 Stone Shaft Mining
31:58 Light Cavalry
32:48 Tusk Swords
32:54 Hussar
33:57 Ballistics
34:37 Chemistry
34:24 Crop Rotation
34:25 Double Crossbow
33:46 Elite Ballista Elephant
36:24 Chemistry
51:47 Blast Furnace
51:22 Plate Barding Armor
50:47 Scale Mail Armor
Connection lost

Rejoining the realm…

Still unreachable

The connection could not be restored.

Session expired

The server has moved on; the page needs a fresh start.